 Dungeon Crawl Stone Soup version 0.30-a0-948-g4fa250aae5 (webtiles) character file.

Game seed: 1412841310628398334

7224 greasedhog the Grappler (level 10, -1/153 HPs)
             Began as a Troll Fighter on Mar 26, 2023.
             Slain by an efreet
             ... wielding a +2 scimitar of flaming
              (3 damage)
             ... on level 2 of the Abyss.
             The game lasted 00:17:02 (7615 turns).

greasedhog the Grappler (Troll Fighter)             Turns: 7615, Time: 00:17:03

Health: -1/153     AC:  5    Str: 24    XL:     10   Next: 88%
Magic:  7/9        EV: 14    Int:  8    God:
Gold:   442        SH: 13    Dex:  7    Spells: 9/9 levels left

rFire   . . .      SeeInvis .      - Unarmed
rCold   + + .      Faith    .    E - +4 kite shield "Yjok" {Rampage rC++ rCorr Str-2}
rNeg    . . .      Spirit   .    a - +0 robe
rPois   .          Reflect  .    (helmet restricted)
rElec   .          Rampage  +    s - +0 cloak
rCorr   +          Rage     9%   (gloves unavailable)
Will    .....                    (boots unavailable) Stlth
                                 (no amulet)
HPRegen 1.25/turn                d - +5 ring of evasion
MPRegen 0.11/turn                (no ring)

@: berserking, very quick
A: large, unfitting armour, claws 3, regeneration 1, shaggy fur 1, tough skin 1,
[berserk 2], [clumsy 1], [deterioration 2]
a: no special abilities


You were on level 2 of the Abyss.
You visited 2 branches of the dungeon, and saw 10 of its levels.
You visited the Abyss 1 time.

You collected 442 gold pieces.

Inventory:

Missiles
 e - 23 poisoned darts (quivered)
 v - 2 boomerangs
Armour
 a - a +0 robe (worn)
 s - a +0 cloak (worn)
 E - the +4 kite shield "Yjok" (worn) {Rampage rC++ rCorr Str-2}
   (You found it on level 7 of the Dungeon)

   Str:       It affects your strength (-2).
   rC:        It greatly protects you from cold.
   rCorr:     It protects you from acid and corrosion.
   Rampage:   It bestows one free step when moving towards enemies.
Jewellery
 d - a +5 ring of evasion (left claw)
 q - the ring of the Muttering Gods {rF- Str+3 Dex+6}
   (You found it on level 2 of the Dungeon)

   [ring of dexterity]

   Str:       It affects your strength (+3).
   Dex:       It affects your dexterity (+6).
   rF:        It makes you vulnerable to fire.
 t - a +6 ring of intelligence
Wands
 A - a wand of iceblast (10)
Scrolls
 g - a scroll of poison {unknown}
 h - a scroll of fear {unknown}
 j - 6 scrolls of teleportation
 m - a scroll of immolation {unknown}
 p - 2 scrolls of butterflies {unknown}
 r - 6 scrolls of brand weapon
 u - 2 scrolls of silence {unknown}
 y - 2 scrolls of fog {unknown}
 C - 2 scrolls of blinking {unknown}
 F - a scroll of magic mapping {unknown}
Potions
 b - 2 potions of brilliance {unknown}
 c - 3 potions of might
 f - a potion of resistance
 i - 3 potions of attraction
 k - a potion of heal wounds {unknown}
 l - a potion of mutation {unknown}
 n - 4 potions of flight {unknown}
 o - a potion of ambrosia {unknown}
 w - 3 potions of haste {unknown}
 x - a potion of lignification {unknown}
 z - a potion of invisibility {unknown}
 B - a potion of cancellation {unknown}
 D - a potion of magic {unknown}


   Skills:
 + Level 7.1 Fighting
 + Level 5.1 Dodging
 + Level 7.8 Shields
 * Level 11.4 Unarmed Combat


You had 9 spell levels left.
You didn't know any spells.
Your spell library contained the following spells:

 Spells                   Type           Power      Damage    Failure   Level
 Freeze                   Ice            0%         1d3       65%         1
 Sandblast                Erth           0%         2d4       65%         1
 Passwall                 Tmut/Erth      0%         N/A       78%         2
 Frozen Ramparts          Ice            0%         1d1       95%         3
 Hailstorm                Conj/Ice       0%         3d3       95%         3
 Stone Arrow              Conj/Erth      0%         3d7       95%         3
 Tukima's Dance           Hex            0%         N/A       95%         3
 Ice Form                 Ice/Tmut       0%         N/A       100%        4
 Passage of Golubria      Tloc           0%         N/A       100%        4
 Yara's Violent Unravell  Hex/Tmut       0%         3d3       100%        5
 Simulacrum               Ice/Necr       0%         N/A       100%        6


Dungeon Overview and Level Annotations

Branches:
Dungeon (9/15)             Temple (1/1) D:7
   Lair: D:8-11         Orc: D:9-12

Altars:
Ashenzari
Dithmenos
Elyvilon
Fedhas
Gozag
Hepliaklqana
Kikubaaqudgha
Makhleb
Nemelex Xobeh
Qazlal
Ru
Sif Muna
Trog
Vehumet
Xom
Yredelemnul
Zin
The Shining One

Annotations:
D:8 3 runed translucent doors, Psyche; ZappyNine's ghost, novice DrCA; viagra's ghost, novice HuBe


Innate Abilities, Weirdness & Mutations

You are too large for most types of armour.
You have claws for hands.
Your natural rate of healing is unusually fast.
You are covered in fur. (AC +1)
You have tough skin. (AC +1)
[You have an uncontrollable temper.]
[You are clumsy. (Dex -2)]
[Your body often deteriorates upon taking damage.]


Message History

The spriggan defender simulacrum vaporises!
The wretched star glows turbulently.
The lance of force hits you!!
You are knocked back by the lance of force.
You slam into the stone wall!
Your Dodging skill increases to level 5!
You rampage towards the wretched star!
You closely miss the wretched star. You claw the wretched star!
The wretched star is lightly damaged.
You barely miss the wretched star.
The wretched star is lightly damaged.
The wretched star glows turbulently.
The lance of force hits you!
You are knocked back by the lance of force.
You slam into the stone wall!
* * * LOW HITPOINT WARNING * * *
You closely miss the wretched star.
The wretched star is lightly damaged.
You barely miss the wretched star.
The wretched star is lightly damaged.
The wretched star pulses with an eldritch light!
You feel yourself wasting away.
You feel your body start to fall apart.
You barely miss the wretched star.
The wretched star is lightly damaged.
The efreet hits you with a +2 scimitar of flaming!!
* * * LOW HITPOINT WARNING * * *
The efreet burns you.
* * * LOW HITPOINT WARNING * * *
You closely miss the wretched star.
The wretched star is lightly damaged.
You feel a little less mighty now.
The wretched star glows turbulently.
The lance of force misses you.
Unknown command.
You claw the wretched star!
The wretched star is moderately damaged.
The efreet hits you with a +2 scimitar of flaming!
* * * LOW HITPOINT WARNING * * *
The efreet burns you.
You die...

. # # ##.. ..#
.... ##. #..
###..##.
#..###...#. ###
.....#...#.....##§
#.....#... . .#
####*##.#.#.# .#.#
##.@.......... .#
#...R#...#.....# #
#...###○...#≈.#.#.
## #.#.
..##.##..### . # #
# #.#.### ##. #..
# #.. .. #. .# #
#. .#.#. .## #. #
#○. #..# .# .#.. .
#°. . .. ## #.


You could see a wretched star and an efreet.

Vanquished Creatures
  A starcursed mass (Abyss:2)
  A two-headed ogre (D:8)
  A spriggan simulacrum (Abyss:2)
  Joseph (D:7)
  A smoke demon (Abyss:2)
  An efreet (Abyss:2)
  A blink frog (Abyss:2)
  Sigmund (D:2)
  A wyvern (D:7)
  A chaos spawn (Abyss:2)
  A steam dragon (D:9)
  Menkaure (D:5)
  3 water moccasins
  A sky beast (D:6)
  An orc warrior (D:7)
  A black bear (D:3)
  An ice beast (D:6)
  3 ogres
  3 small abominations (Abyss:2)
  4 centaurs
  A kobold brigand (D:6)
  A phantom (D:5)
  Blork the orc (D:4)
  A bullfrog (D:8)
  A wyvern zombie (D:8)
  4 scorpions
  A necrophage (D:8)
  2 wights (D:8)
  A howler monkey (D:6)
  3 electric eels (D:8)
  A centaur zombie (D:8)
  A human zombie (D:8)
  4 jellies
  3 gnoll boudas
  5 orc priests
  2 sleepcaps
  Crazy Yiuf (D:2)
  9 iguanas
  4 orc wizards
  A killer bee zombie (D:8)
  5 mummies (D:8)
  15 gnolls
  6 adders
  2 shadow imps
  2 white imps
  An ufetubus (D:8)
  3 worms
  2 dart slugs
  27 orcs
  7 ball pythons
  7 endoplasms
  4 giant cockroaches
  15 goblins
  12 hobgoblins
  8 jackals
  5 quokkas
  5 bats
  A frilled lizard (D:1)
  11 kobolds
  6 rats
220 creatures vanquished.

Vanquished Creatures (others)
  3 plants (D:8)
3 creatures vanquished.

Grand Total: 223 creatures vanquished

Notes
Turn   | Place    | Note
-------+----------+-------------------------------------------
     0 | D:1      | greasedhog the Troll Fighter began the quest for the Orb.
     0 | D:1      | Reached XP level 1. HP: 22/22 MP: 0/0
   170 | D:1      | Reached XP level 2. HP: 29/29 MP: 1/1
   399 | D:1      | Found a faded altar of an unknown god.
   736 | D:2      | Reached XP level 3. HP: 35/36 MP: 2/2
   769 | D:2      | Reached skill level 3 in Unarmed Combat
   886 | D:2      | Found a runed translucent door.
   887 | D:2      | Noticed Crazy Yiuf
  1047 | D:2      | Identified the ring of the Muttering Gods {rF- Str+3 Dex+6}
  1217 | D:2      | Reached XP level 4. HP: 40/44 MP: 3/3
  1229 | D:2      | Noticed Sigmund
  1265 | D:2      | Killed Sigmund
  1266 | D:2      | Reached skill level 4 in Unarmed Combat
  1266 | D:2      | Reached XP level 5. HP: 25/53 MP: 4/4
  1607 | D:2      | Killed Crazy Yiuf
  1608 | D:2      | Reached XP level 6. HP: 41/61 MP: 5/5
  1821 | D:3      | Found a burning altar of Makhleb.
  1907 | D:3      | Reached skill level 5 in Unarmed Combat
  2274 | D:3      | Found a hazy altar of Hepliaklqana.
  2466 | D:4      | Noticed Blork the orc
  2475 | D:4      | Killed Blork the orc
  2476 | D:4      | Reached XP level 7. HP: 63/68 MP: 6/6
  2847 | D:4      | Found a broken altar of Ashenzari.
  2859 | D:4      | Found a sacrificial altar of Ru.
  2894 | D:4      | Reached skill level 6 in Unarmed Combat
  2898 | D:4      | Found an opulent altar of Gozag.
  3577 | D:5      | Entered Level 5 of the Dungeon
  3677 | D:5      | Reached XP level 8. HP: 75/79 MP: 7/7
  3679 | D:5      | Noticed Menkaure
  3681 | D:5      | Reached skill level 5 in Shields
  3682 | D:5      | Killed Menkaure
  3683 | D:5      | Reached skill level 7 in Unarmed Combat
  3764 | D:5      | Reached skill level 5 in Fighting
  3881 | D:5      | Reached skill level 8 in Unarmed Combat
  4338 | D:6      | Reached XP level 9. HP: 71/88 MP: 8/8
  4757 | D:6      | Reached skill level 9 in Unarmed Combat
  5013 | D:7      | Identified the +4 kite shield "Yjok" {Rampage rC++ rCorr
                  | Str-2}
  5284 | D:7      | Found a staircase to the Ecumenical Temple.
  5291 | Temple   | Entered the Ecumenical Temple
  5625 | D:7      | Noticed Joseph
  5644 | D:7      | Killed Joseph
  6186 | D:8      | Found a runed translucent gate.
  6188 | D:8      | Found a runed translucent gate.
  6189 | D:8      | Found a runed translucent gate.
  6190 | D:8      | Noticed viagra's ghost (novice HuBe)
  6190 | D:8      | Noticed ZappyNine's ghost (novice DrCA)
  6196 | D:8      | Noticed a two-headed ogre
  6204 | D:8      | Killed a two-headed ogre
  6205 | D:8      | Reached skill level 10 in Unarmed Combat
  6205 | D:8      | Reached XP level 10. HP: 9/100 MP: 9/9
  6403 | D:8      | Found a bloodstained altar of Trog.
  7094 | D:8      | Found an ancient bone altar of Kikubaaqudgha.
  7329 | D:9      | Noticed Psyche
  7402 | D:8      | Paralysed by Psyche for 2 turns
  7403 | Abyss:2  | Cast into level 2 of the Abyss (Psyche)
  7419 | Abyss:2  | Noticed a bone dragon
  7447 | Abyss:2  | Noticed a wretched star
  7531 | Abyss:2  | Noticed a smoke demon
  7536 | Abyss:2  | Killed a smoke demon
  7536 | Abyss:2  | Noticed a starcursed mass
  7548 | Abyss:2  | Killed a starcursed mass
  7549 | Abyss:2  | Reached skill level 11 in Unarmed Combat
  7600 | Abyss:2  | Noticed a wretched star
  7607 | Abyss:2  | Reached skill level 5 in Dodging
  7615 | Abyss:2  | HP: 2/153 [efreet/+2 scimitar of flaming (13)]
  7615 | Abyss:2  | Slain by an efreet

Illustrated notes

Levels and vault maps discovered:
D:1:      lightli_arrival_lavapool, layout_loops_ring,
          shapermc_ecumenical_altar_notcrosses, minmay_statues_item
D:2:      minmay_skewed_foursquare, layout_loops_ring, uniq_sigmund,
          uniq_crazy_yiuf_cottage
D:3:      cheibrodos_greedy_goblins, layout_loops_ring,
          nicolae_hepliaklqana_hippocampus,
          mainiacjoe_overflow_concentric_impassable
D:4:      layout_layer_cave, ashenzari_conservatory_becter,
          nicolae_ru_sacrificial_ziggurat, grunt_gozag_statues,
          uniq_blork_the_orc
D:5:      layout_basic, uniq_menkaure
D:6:      layout_loops_cross
D:7:      layout_gridville, minmay_temple_entry_wispy, uniq_joseph
D:8:      layout_cave_pools, trog_book, lemuel_mausoleum_altar_kikubaaqudgha,
          gammafunk_ghost_cemetery, serial_demonic, serial_demonic_b,
          serial_demonic_c, serial_demonic_e, serial_demonic_c,
          chequers_big_river
D:9:      layout_rooms, minmay_orc_entry_temple_small, uniq_psyche, uniq_erica
Temple:   bh_familiar_temple
Abyss:2:  base: D:4, hangedman_abyss_sting, evilmike_abyss_exit_12

Skill      XL: |  1  2  3  4  5  6  7  8  9 10 |
---------------+-------------------------------+-----
Shields        | 3 4 6 7 |  7.8
Unarmed Combat | 3 4 5 6 8 10 11 | 11.4
Fighting       | 3 4 5 6 7 |  7.1
Dodging        | 4 5 |  5.1

Action                     |  1- 3 |  4- 6 |  7- 9 | 10-12 || total
---------------------------+-------+-------+-------+-------++-------
  Melee: Unarmed           |    98 |   108 |   346 |   136 ||   688
  Throw: Dart              |       |       |     9 |     1 ||    10
  Evoke: Wand              |       |       |     1 |     1 ||     2
    Use: Scroll            |     1 |       |     5 |     1 ||     7
         Potion            |       |     1 |       |     1 ||     2
   Stab: Sleeping          |       |       |     1 |       ||     1
 Armour: Robe              |    24 |    25 |    54 |    12 ||   115
  Dodge: Dodged            |    48 |    68 |   145 |    44 ||   305
  Block: Kite shield       |    29 |    34 |   147 |    56 ||   266

Table legend: (Time is in decaauts)
 A = Elapsed time spent in this place.
 B = Non-inter-level travel time spent in this place.
 C = Inter-level travel time spent in this place.
 D = Time resting spent in this place.
 E = Time spent auto-exploring this place.
 F = Levels seen in this place.
 G = Mean time per level.
                   A        B        C        D        E       F      G
               +--------+--------+--------+--------+--------+-----+--------+
         Total |   7609 |   7376 |    233 |    548 |   5141 |  11 |  691.7 |
       Dungeon |   7215 |   7002 |    213 |    548 |   4967 |   9 |  801.7 |
        Temple |    183 |    163 |     20 |      0 |    160 |   1 |  183.0 |
         Abyss |    209 |    209 |      0 |      0 |     14 |   1 |  209.0 |
               +--------+--------+--------+--------+--------+-----+--------+

Top non-repeatable levels by time:
     D:8: 1364 daAuts
     D:4: 1129 daAuts
     D:2: 936 daAuts
     D:7: 818 daAuts
     D:3: 791 daAuts
     D:6: 788 daAuts
     D:1: 733 daAuts
     D:5: 637 daAuts
 Abyss:2: 209 daAuts
  Temple: 183 daAuts
     D:9: 16 daAuts
